 Dungeon Sprint DCSS version 0.19.1 (webtiles) character file.

11578 dvd the Eclecticist (level 11, -3/49 HPs)
             Began as a Deep Elf Fire Elementalist on Dec 23, 2016.
             Was the Champion of Vehumet.
             Slain by a lorocyproca (25 damage)
             ... in the Dungeon (Sprint I: "Red Sonja").
             The game lasted 00:30:00 (3254 turns).

dvd the Eclecticist (Deep Elf Fire Elementalist)    Turns: 3254, Time: 00:30:01

Health: -3/49      AC:  9    Str: 11    XL:     11   Next: 51%
Magic:  2/37       EV: 19    Int: 24    God:    Vehumet [******]
Gold:   264        SH:  0    Dex: 20    Spells: 9 memorised, 9 levels left

rFire  + + .     SeeInvis .     k - +0 dagger
rCold  . . .     Gourm    .     l - +1 robe of the Untouchables {rF+ Str+6 Dex+4}
rNeg   . . .     Faith    .     (no shield)
rPois  .         Spirit   .     (no helmet)
rElec  .         Reflect  .     (no cloak)
rCorr  .         Harm     .     j - +2 pair of gloves "Ugir" {Dex+3}
MR     +....     Rnd*Rage +     (no boots)
Stlth  ++++...... NoTele   +    (no amulet)
                                (no ring)
                                a - +3 ring of protection

@: no status effects
A: berserk 1, clumsy 1, fire resistance 1, frail 1, subdued magic 1
a: Renounce Religion


You were in the Dungeon.
You worshipped Vehumet.
Vehumet was exalted by your worship.
You were not hungry.

You visited 1 branch You collected 1192 gold pieces.
You spent 928 gold pieces at shops.

Inventory:

Hand Weapons
 k - a +0 dagger (weapon)
Armour
 j - the +2 pair of gloves "Ugir" (worn) {Dex+3}
   (You bought it in a shop in the Dungeon)

   It affects your dexterity (+3).
 l - the +1 robe of the Untouchables (worn) {rF+ Str+6 Dex+4}
   (You bought it in a shop in the Dungeon)

   It affects your strength (+6).
   It affects your dexterity (+4).
   It protects you from fire.
Jewellery
 a - a +3 ring of protection (left hand)
Potions
 c - a potion of curing
 h - a potion of berserk rage
Books
 b - a book of Flames

   Spells                             Type                      Level
   a - Flame Tongue                   Conjuration/Fire             1
   b - Throw Flame                    Conjuration/Fire             2
   c - Conjure Flame                  Conjuration/Fire             3
   d - Inner Flame                    Hexes/Fire                   3
   e - Sticky Flame                   Conjuration/Fire             4
   f - Fireball                       Conjuration/Fire             5
 m - a book of Clouds

   Spells                             Type                      Level
   a - Mephitic Cloud                 Conjuration/Poison/Air       3
   b - Conjure Flame                  Conjuration/Fire             3
   c - Poisonous Cloud                Conjuration/Poison/Air       6
   d - Freezing Cloud                 Conjuration/Ice/Air          6
   e - Ring of Flames                 Charms/Fire                  7
Comestibles
 o - 2 meat rations
 q - 4 fruits


   Skills:
 + Level 0.4 Fighting
 + Level 8.4 Dodging
 + Level 6.9 Stealth
 + Level 20.3 Spellcasting
 + Level 14.4 Conjurations
 + Level 1.3 Charms
 + Level 18.0 Fire Magic
 + Level 0.2 Ice Magic
 + Level 0.2 Air Magic


You had 9 spell levels left.
You knew the following spells:

 Your Spells              Type           Power        Failure   Level  Hunger
a - Freezing Cloud        Conj/Ice/Air   #####.....   10%         6    ###....
b - Throw Flame           Conj/Fire      ######       0%          2    None
c - Sticky Flame          Conj/Fire      ######..     0%          4    None
d - Fireball              Conj/Fire      ######....   1%          5    None
e - Conjure Flame         Conj/Fire      ######..     0%          3    None
f - Iskenderun's Battles  Conj/Chrm      #####...     1%          5    None
g - Spellforged Servitor  Conj/Summ      #####.....   34%         7    #####..
h - Mephitic Cloud        Conj/Pois/Air  #####...     1%          3    None
i - Poisonous Cloud       Conj/Pois/Air  #####.....   12%         6    ###....


Dungeon Overview and Level Annotations

Branches:
Dungeon (1/1)

Altars:
Cheibriados
Dithmenos
Elyvilon
Fedhas
Gozag
Hepliaklqana
Kikubaaqudgha
Makhleb
Nemelex Xobeh
Okawaru
Qazlal
Ru
Sif Muna
Trog
Uskayaw
Vehumet
Xom
Yredelemnul
Zin
The Shining One
Jiyva
Lugonu

Shops:
D [*([=*(???=[*!!!}*}[:


Innate Abilities, Weirdness & Mutations

You tend to lose your temper in combat.
You are clumsy. (Dex -2)
Your flesh is heat resistant. (rF+)
You are frail. (-10% HP)
Your spells are a little easier to cast, but a little less powerful.


Message History

There is an open door here.
You see here a quarterstaff.
Something is blocking the doorway!
Something hits you!
* * * LOW HITPOINT WARNING * * *
You feel your power leaking away.
Deactivating autopickup; reactivate with Ctrl-A.
Unknown command.
Okay, then.
Unknown command.
You see here a curare-tipped needle.
There is an open door here.
Okay, then.
Unknown command.
Casting: Sticky Flame
Confirm with . or Enter, or press ? or * to list all spells.
Okay, then.
Unknown command.
You feel better. Something hits you!!
Ouch! That really hurt!
You die...

#########################
#<.#..'..#..'..#__#..')).
#..').#..').#..'..'..#...
#..#####'#####'#__####...
#..####..#...#)####§§####
#..#__####..##.#§§§§§#§§#
#..#_____##'#..'§≈§§§§§.#
#⌠⌠#_.∩.@.'.(._#≈§≈§.#§.#
####_..__##_.#'##'#####'#
#_____###(#.#(().###.'
############)####'###.###
#∩........'...'.....'(∩##
###''''####...###########
#.......####.###.......##
#........#.#'#.#.....§..§
#..#.....#.....#.''######


There were no monsters in sight!

Vanquished Creatures
  2 centaur warriors (D)
  Sonja (D)
  2 unseen horrors (D)
  A deep troll (D)
  A lindwurm (D)
  An oklob plant (D)
  8 shining eyes (D)
  A gargoyle (D)
  4 demonic crawlers (D)
  2 kobold demonologists (D)
  A slime creature (D)
  A hornet (D)
  Sigmund (D)
  A yak (D)
  2 redbacks (D)
  6 floating eyes (D)
  7 necrophages (D)
  An ogre (D)
  8 jellies (D)
  Ijyb (D)
  4 ballistomycetes (D)
  A ballistomycete spore (D)
57 creatures vanquished.

Vanquished Creatures (others)
  A gargoyle (D)
  A ballistomycete spore (D)
2 creatures vanquished.

Grand Total: 59 creatures vanquished

Notes
Turn   | Place    | Note
-------+----------+-------------------------------------------
     0 | D        | dvd the Deep Elf Fire Elementalist began the quest for the Orb.
     0 | D        | Reached XP level 1. HP: 10/10 MP: 6/6
     1 | D        | Noticed Ijyb
    14 | D        | Killed Ijyb
    14 | D        | Reached skill level 4 in Spellcasting
    14 | D        | Reached skill level 5 in Fire Magic
    14 | D        | Reached XP level 2. HP: 15/15 MP: 0/9
   104 | D        | Learned a level 2 spell: Throw Flame
   105 | D        | Noticed an ogre
   114 | D        | Killed an ogre
   114 | D        | Reached skill level 6 in Spellcasting
   114 | D        | Reached XP level 3. HP: 7/19 MP: 2/12
   114 | D        | Reached XP level 4. HP: 8/24 MP: 2/14
   319 | D        | Learned a level 4 spell: Sticky Flame
   320 | D        | Noticed Sigmund
   325 | D        | Killed Sigmund
   325 | D        | Reached skill level 5 in Stealth
   325 | D        | Reached skill level 8 in Spellcasting
   325 | D        | Reached skill level 10 in Fire Magic
   325 | D        | Reached XP level 5. HP: 15/28 MP: 3/17
   325 | D        | Reached XP level 6. HP: 17/32 MP: 3/19
   480 | D        | Learned a level 5 spell: Fireball
   491 | D        | Found a deep blue altar of Sif Muna.
   495 | D        | Found a radiant altar of Vehumet.
   501 | D        | Became a worshipper of Vehumet
   558 | D        | Found Eniesebi's Armour Emporium.
   558 | D        | Found an ancient bone altar of Kikubaaqudgha.
   558 | D        | Found a hazy altar of Hepliaklqana.
   558 | D        | Found a hide-covered altar of Uskayaw.
   558 | D        | Found a basalt altar of Yredelemnul.
   558 | D        | Found an opulent altar of Gozag.
   558 | D        | Found a snail-covered altar of Cheibriados.
   558 | D        | Found a sacrificial altar of Ru.
   558 | D        | Found a shadowy altar of Dithmenos.
   558 | D        | Noticed a yak
   563 | D        | Killed a yak
   563 | D        | Reached skill level 9 in Spellcasting
   644 | D        | Found a stormy altar of Qazlal.
   644 | D        | Found a blossoming altar of Fedhas.
   644 | D        | Found a bloodstained altar of Trog.
   644 | D        | Found an iron altar of Okawaru.
   644 | D        | Found a glowing golden altar of the Shining One.
   644 | D        | Found a glowing silver altar of Zin.
   644 | D        | Found a white marble altar of Elyvilon.
   645 | D        | Found a sparkling altar of Nemelex Xobeh.
   680 | D        | Found a burning altar of Makhleb.
   680 | D        | Found a viscous altar of Jiyva.
   680 | D        | Found a shimmering altar of Xom.
   680 | D        | Found a corrupted altar of Lugonu.
   680 | D        | Noticed a slime creature
   689 | D        | Killed a slime creature
   689 | D        | Reached skill level 10 in Spellcasting
   689 | D        | Reached skill level 5 in Conjurations
   689 | D        | Reached XP level 7. HP: 7/36 MP: 3/22
   938 | D        | Learned a level 3 spell: Conjure Flame
   971 | D        | Bought the +2 pair of gloves "Ugir" {Dex+3} for 361 gold pieces
   982 | D        | Noticed Sonja
   986 | D        | Killed Sonja
   986 | D        | Reached * piety under Vehumet
   986 | D        | Offered knowledge of Magic Dart by Vehumet.
   986 | D        | Reached skill level 12 in Spellcasting
   986 | D        | Reached XP level 8. HP: 21/41 MP: 11/26
  1151 | D        | Found Takhyit's Armour Boutique.
  1172 | D        | Noticed a deep troll
  1178 | D        | Killed a deep troll
  1178 | D        | Reached skill level 13 in Spellcasting
  1200 | D        | Killed a gargoyle
  1269 | D        | Found Liycs's Armour Emporium.
  1299 | D        | HP: 2/41 [something (20)]
  1351 | D        | Bought the +1 robe of the Untouchables {rF+ Str+6 Dex+4} for 407 gold pieces
  1581 | D        | Noticed a centaur warrior
  1585 | D        | Noticed a centaur warrior
  1585 | D        | Killed a centaur warrior
  1585 | D        | Reached skill level 14 in Spellcasting
  1585 | D        | Reached XP level 9. HP: 45/45 MP: 12/29
  1585 | D        | Killed a centaur warrior
  1585 | D        | Reached ** piety under Vehumet
  1585 | D        | Offered knowledge of Sting by Vehumet.
  1585 | D        | Reached skill level 15 in Spellcasting
  1585 | D        | Reached skill level 10 in Conjurations
  1608 | D        | Paralysed by a hornet for 2 turns
  1609 | D        | Reached skill level 15 in Fire Magic
  1767 | D        | Noticed an oklob plant
  1771 | D        | Killed an oklob plant
  1858 | D        | Offered knowledge of Ignite Poison by Vehumet.
  1858 | D        | Reached skill level 16 in Spellcasting
  1873 | D        | Reached *** piety under Vehumet
  1949 | D        | Reached XP level 10. HP: 50/50 MP: 30/32
  1954 | D        | Reached **** piety under Vehumet
  1957 | D        | Reached ***** piety under Vehumet
  1960 | D        | Noticed an unseen horror
  1961 | D        | Noticed an unseen horror
  1961 | D        | Killed an unseen horror
  1961 | D        | Reached skill level 17 in Spellcasting
  1962 | D        | Killed an unseen horror
  2025 | D        | Offered knowledge of Static Discharge by Vehumet.
  2042 | D        | Found Nyrhep's Magic Scroll Shoppe.
  2042 | D        | Found Qayhan's Weapon Shop.
  2042 | D        | Found Oluaduh's Magic Scroll Boutique.
  2044 | D        | Found Koitwob's Magic Scroll Emporium.
  2044 | D        | Found Nummyij's Jewellery Shop.
  2044 | D        | Found Ywnisuo's Armour Shoppe.
  2044 | D        | Found Ecib's General Store.
  2044 | D        | Found Veuni's Distillery.
  2044 | D        | Found Rej Ocaz's Distillery.
  2044 | D        | Found Woriodim's Distillery.
  2048 | D        | Found Ecsu's Gadget Boutique.
  2049 | D        | Found Ropuecao's Gadget Emporium.
  2049 | D        | Found Ruefeoteapp's General Store.
  2050 | D        | Found Iwkenk's Book Emporium.
  2115 | D        | Noticed a shining eye
  2115 | D        | Noticed a shining eye
  2115 | D        | Noticed a shining eye
  2117 | D        | Gained mutation: You tend to lose your temper in combat. [a shining eye]
  2118 | D        | Reached ****** piety under Vehumet
  2121 | D        | Gained mutation: You are frail. (-10% HP) [a shining eye]
  2122 | D        | Killed a shining eye
  2122 | D        | Reached skill level 18 in Spellcasting
  2122 | D        | Killed a shining eye
  2123 | D        | Killed a shining eye
  2124 | D        | Noticed a shining eye
  2124 | D        | Noticed a shining eye
  2124 | D        | Killed a shining eye
  2124 | D        | Reached XP level 11. HP: 48/48 MP: 26/35
  2124 | D        | Gained mutation: You are clumsy. (Dex -2) [a shining eye]
  2126 | D        | Killed a shining eye
  2126 | D        | Killed a shining eye
  2126 | D        | Reached skill level 19 in Spellcasting
  2130 | D        | Gained mutation: Your spells are a little easier to cast, but a little less powerful. [a shining eye]
  2131 | D        | Killed a shining eye
  2132 | D        | Noticed a shining eye
  2136 | D        | Killed a shining eye
  2256 | D        | Found Kuich's Jewellery Shop.
  2256 | D        | Found Heruesm's General Store.
  2256 | D        | Found Gifor's Assorted Antiques.
  2256 | D        | Found Taerieb's Weapon Emporium.
  2327 | D        | Bought a meat ration for 50 gold pieces
  2327 | D        | Bought 4 fruits for 60 gold pieces
  2327 | D        | Bought a meat ration for 50 gold pieces
  2365 | D        | Offered knowledge of Iskenderun's Battlesphere by Vehumet.
  2399 | D        | Learned a level 5 spell: Iskenderun's Battlesphere
  2420 | D        | Offered knowledge of Spellforged Servitor by Vehumet.
  2421 | D        | Reached skill level 20 in Spellcasting
  2421 | D        | Reached skill level 1 in Charms
  2559 | D        | Learned a level 7 spell: Spellforged Servitor
  2684 | D        | Learned a level 6 spell: Freezing Cloud
  2687 | D        | Noticed a lindwurm
  2704 | D        | Killed a lindwurm
  3057 | D        | Gained mutation: Your flesh is heat resistant. (rF+) [potion of beneficial mutation]
  3202 | D        | Learned a level 3 spell: Mephitic Cloud
  3209 | D        | Learned a level 6 spell: Poisonous Cloud
  3227 | D        | Noticed a lorocyproca
  3254 | D        | Slain by a lorocyproca

Skill      XL: |  1  2  3  4  5  6  7  8  9 10 11 |
---------------+----------------------------------+-----
Dodging        | 3 4 6 7 8 |  8.4
Spellcasting   | 4 6 8 10 12 14 16 18 20 | 20.3
Fire Magic     | 5 8 10 12 13 14 15 17 18 | 18.0
Stealth        | 3 5 6 |  6.9
Conjurations   | 2 3 5 6 9 11 13 14 | 14.4
Charms         | 1 |  1.3
Fighting       | |  0.4
Ice Magic      | |  0.2
Air Magic      | |  0.2

Action                   |  1- 3 |  4- 6 |  7- 9 | 10-12 || total
-------------------------+-------+-------+-------+-------++-------
Melee: Dagger            |       |       |     2 |     1 ||     3
 Cast: Flame Tongue      |    11 |     2 |     3 |     5 ||    21
       Throw Flame       |     1 |     1 |     8 |     2 ||    12
       Sticky Flame      |       |     6 |     4 |    14 ||    24
       Fireball          |       |     5 |    16 |    35 ||    56
       Conjure Flame     |       |       |     2 |     2 ||     4
       Iskenderun's Batt |       |       |       |     3 ||     3
       Freezing Cloud    |       |       |       |     2 ||     2
  Use: Potion            |       |       |     2 |     7 ||     9
       Scroll            |       |       |     1 |     3 ||     4
  Eat: Bread ration      |       |       |     1 |     1 ||     2
       Chunk             |       |       |     1 |       ||     1
Armor: Robe              |     2 |       |       |     8 ||    10
Dodge: Dodged            |     6 |     2 |     6 |    17 ||    31
